[ AOE2 MATCH · #493693111 ]
UnrankedPersians vs Burgundians
Player's team · WIN
[ REPLAY ANALYSIS · EXTRACTED FROM THE RECORDED GAME ]
Feudal
8:26
Castle
17:51
Imperial
31:50
| APM avg | 101.8 |
| APM peak | 182 |
| eAPM avg | 58.3 |
| Villagers / military | 167 / 100 |
Focus
⚔️ 64.1% · 🌾 35.9%
Spearman ×37 · Scout Cavalry ×21 · Archer ×11 · Bombard Cannon ×9 · Hand Cannoneer ×9 · Monk ×6
Feudal
10:30
Castle
14:34
Imperial
31:27
| APM avg | 61.5 |
| APM peak | 99 |
| eAPM avg | 22.4 |
| Villagers / military | 142 / 54 |
Focus
⚔️ 27.0% · 🌾 73.0%
Hand Cannoneer ×27 · Scout Cavalry ×8 · Monk ×6 · Trebuchet (Packed) ×5 · Bombard Cannon ×4 · Flemish Militia ×3
Match map
Initial resources + every placement click. Lines = walls · curves = elevation contours. ◆ gold · ⬟ stone · ● berries · ✦ relic · ◌ wall gap
Your base· Open — unwalled flank
BoyWonder_'s base· Open — 3t gap
Smoothed initial terrain · ◌ = detected wall gap · hover for details
Inputs per minute
— VIT | Hera - - BoyWonder_
Build order — VIT | Hera
First 150 of 416 actions detected
| 0:00 | Create | Villager (Male) |
| 0:00 | Create | Villager (Male) |
| 0:01 | Build | House |
| 0:02 | Build | House |
| 0:19 | Create | Villager (Male) |
| 0:19 | Create | Villager (Male) |
| 0:19 | Create | Villager (Male) |
| 0:19 | Create | Villager (Male) |
| 1:07 | Create | Villager (Male) |
| 1:07 | Create | Villager (Male) |
| 2:18 | Create | Villager (Male) |
| 2:18 | Create | Villager (Male) |
| 2:35 | Create | Villager (Male) |
| 2:35 | Create | Villager (Male) |
| 2:37 | Build | Lumber Camp |
| 3:00 | Build | House |
| 3:23 | Create | Villager (Male) |
| 3:27 | Build | House |
| 3:51 | Create | Villager (Male) |
| 3:51 | Create | Villager (Male) |
| 3:51 | Create | Villager (Male) |
| 3:59 | Create | Villager (Male) |
| 4:56 | Build | Mill |
| 5:09 | Create | Villager (Male) |
| 5:58 | Create | Villager (Male) |
| 6:21 | Research | Feudal Age |
| 6:21 | Research | Feudal Age |
| 6:43 | Build | Barracks |
| 7:21 | Research | Loom |
| 7:41 | Build | House |
| 8:07 | Build | House |
| 8:15 | Create | Villager (Male) |
| 8:26 | Age | Feudal Age |
| 8:28 | Build | Stable |
| 8:32 | Research | Double-Bit Axe |
| 8:32 | Research | Double-Bit Axe |
| 8:53 | Create | Villager (Male) |
| 9:01 | Research | Horse Collar |
| 9:02 | Research | Horse Collar |
| 9:11 | Create | Scout Cavalry |
| 9:27 | Build | Farm |
| 9:30 | Create | Villager (Male) |
| 9:39 | Create | Scout Cavalry |
| 9:52 | Create | Villager (Male) |
| 10:08 | Build | Farm |
| 10:15 | Create | Villager (Male) |
| 10:17 | Build | Farm |
| 10:45 | Create | Villager (Male) |
| 10:52 | Create | Villager (Male) |
| 11:03 | Create | Scout Cavalry |
| 11:19 | Build | Farm |
| 11:21 | Build | Farm |
| 11:24 | Build | Farm |
| 11:25 | Create | Villager (Male) |
| 11:33 | Build | Farm |
| 11:39 | Create | Villager (Male) |
| 11:47 | Create | Villager (Male) |
| 11:50 | Build | Farm |
| 12:03 | Create | Scout Cavalry |
| 12:03 | Create | Scout Cavalry |
| 12:10 | Create | Villager (Male) |
| 12:20 | Build | Farm |
| 12:40 | Build | Farm |
| 12:45 | Build | Mining Camp |
| 12:49 | Build | Mining Camp |
| 12:54 | Build | House |
| 12:59 | Create | Villager (Male) |
| 13:14 | Build | House |
| 13:21 | Create | Villager (Male) |
| 13:26 | Create | Villager (Male) |
| 13:28 | Build | Blacksmith |
| 13:58 | Build | Farm |
| 14:08 | Create | Villager (Male) |
| 14:16 | Build | House |
| 14:21 | Build | Farm |
| 14:30 | Build | Farm |
| 14:31 | Create | Scout Cavalry |
| 14:31 | Create | Villager (Male) |
| 14:35 | Build | Farm |
| 14:49 | Build | Palisade Gate |
| 14:50 | Build | Palisade Wall |
| 14:57 | Create | Villager (Male) |
| 15:17 | Build | House |
| 15:19 | Build | Palisade Wall |
| 15:26 | Research | Castle Age |
| 15:26 | Research | Castle Age |
| 15:50 | Create | Scout Cavalry |
| 15:51 | Create | Scout Cavalry |
| 16:05 | Build | House |
| 16:15 | Create | Scout Cavalry |
| 17:10 | Create | Villager (Male) |
| 17:12 | Build | Farm |
| 17:17 | Create | Scout Cavalry |
| 17:44 | Create | Villager (Male) |
| 17:50 | Create | Scout Cavalry |
| 17:51 | Age | Castle Age |
| 17:54 | Build | Town Center |
| 17:57 | Build | Monastery |
| 18:05 | Research | Bow Saw |
| 18:06 | Research | Bow Saw |
| 18:14 | Create | Scout Cavalry |
| 18:28 | Create | Scout Cavalry |
| 18:37 | Create | Villager (Male) |
| 18:43 | Create | Monk |
| 18:45 | Create | Villager (Male) |
| 18:48 | Build | Town Center |
| 18:52 | Build | Farm |
| 19:14 | Create | Villager (Male) |
| 19:14 | Create | Villager (Male) |
| 19:15 | Build | Farm |
| 19:16 | Build | Farm |
| 19:27 | Create | Villager (Male) |
| 19:36 | Build | Farm |
| 19:38 | Create | Villager (Male) |
| 19:38 | Create | Villager (Male) |
| 19:38 | Create | Villager (Male) |
| 19:39 | Build | Farm |
| 19:49 | Create | Monk |
| 19:53 | Create | Villager (Male) |
| 20:04 | Create | Villager (Male) |
| 20:10 | Create | Villager (Male) |
| 20:11 | Create | Villager (Male) |
| 20:12 | Build | Farm |
| 20:13 | Build | Farm |
| 20:14 | Build | Farm |
| 20:14 | Build | Farm |
| 20:16 | Create | Villager (Male) |
| 20:23 | Build | Farm |
| 20:36 | Create | Villager (Male) |
| 20:43 | Create | Villager (Male) |
| 20:43 | Create | Villager (Male) |
| 20:46 | Build | Farm |
| 20:47 | Build | Farm |
| 20:48 | Build | Farm |
| 20:53 | Build | Farm |
| 20:55 | Create | Villager (Male) |
| 21:09 | Research | Husbandry |
| 21:09 | Research | Husbandry |
| 21:14 | Create | Villager (Male) |
| 21:14 | Create | Monk |
| 21:26 | Create | Villager (Male) |
| 21:26 | Create | Villager (Male) |
| 21:27 | Create | Villager (Male) |
| 21:31 | Create | Villager (Male) |
| 21:31 | Create | Villager (Male) |
| 21:32 | Build | Farm |
| 21:40 | Create | Villager (Male) |
| 21:41 | Create | Villager (Male) |
| 21:44 | Build | Market |
| 21:47 | Build | House |
Build order — BoyWonder_
First 150 of 369 actions detected
| 0:00 | Create | Villager (Male) |
| 0:00 | Create | Villager (Male) |
| 0:02 | Build | House |
| 0:03 | Build | House |
| 0:18 | Create | Villager (Male) |
| 0:18 | Create | Villager (Male) |
| 1:29 | Create | Villager (Male) |
| 2:05 | Create | Villager (Male) |
| 2:05 | Create | Villager (Male) |
| 2:05 | Create | Villager (Male) |
| 2:21 | Build | Lumber Camp |
| 2:30 | Create | Villager (Male) |
| 3:00 | Build | House |
| 3:09 | Create | Villager (Male) |
| 3:30 | Create | Villager (Male) |
| 3:45 | Create | Villager (Male) |
| 4:00 | Create | Villager (Male) |
| 4:33 | Create | Villager (Male) |
| 4:41 | Build | Mill |
| 5:10 | Create | Villager (Male) |
| 5:32 | Create | Villager (Male) |
| 6:06 | Create | Villager (Male) |
| 6:09 | Build | House |
| 6:33 | Create | Villager (Male) |
| 6:55 | Create | Villager (Male) |
| 7:08 | Build | Mining Camp |
| 7:17 | Create | Villager (Male) |
| 7:52 | Create | Villager (Male) |
| 7:52 | Research | Feudal Age |
| 8:24 | Build | Barracks |
| 8:31 | Build | House |
| 8:38 | Build | Palisade Wall |
| 8:43 | Build | Palisade Wall |
| 8:45 | Build | Palisade Wall |
| 9:05 | Build | Palisade Wall |
| 9:47 | Create | Villager (Male) |
| 10:30 | Age | Feudal Age |
| 10:36 | Research | Loom |
| 10:52 | Build | Stable |
| 11:05 | Build | Blacksmith |
| 11:07 | Create | Villager (Male) |
| 11:54 | Research | Castle Age |
| 11:54 | Research | Castle Age |
| 12:13 | Create | Flemish Militia |
| 12:41 | Create | Flemish Militia |
| 12:52 | Research | Double-Bit Axe |
| 12:52 | Research | Double-Bit Axe |
| 12:54 | Create | Flemish Militia |
| 13:22 | Create | Scout Cavalry |
| 13:41 | Create | Villager (Male) |
| 14:03 | Build | Farm |
| 14:04 | Build | Farm |
| 14:05 | Build | Farm |
| 14:06 | Build | Farm |
| 14:15 | Build | Palisade Gate |
| 14:34 | Age | Castle Age |
| 14:39 | Build | Town Center |
| 14:48 | Create | Villager (Male) |
| 14:52 | Build | House |
| 15:08 | Build | Monastery |
| 15:19 | Create | Villager (Male) |
| 15:22 | Build | Farm |
| 15:29 | Build | Farm |
| 15:42 | Research | Light Cavalry (upgrade) |
| 15:44 | Create | Villager (Male) |
| 15:44 | Create | Villager (Male) |
| 15:48 | Build | Farm |
| 15:58 | Create | Monk |
| 16:01 | Create | Villager (Male) |
| 16:18 | Create | Villager (Male) |
| 16:18 | Create | Villager (Male) |
| 16:22 | Create | Villager (Male) |
| 16:23 | Create | Villager (Male) |
| 16:35 | Build | Farm |
| 16:38 | Build | Farm |
| 16:58 | Create | Villager (Male) |
| 17:11 | Create | Villager (Male) |
| 17:19 | Build | House |
| 17:23 | Create | Scout Cavalry |
| 17:46 | Create | Villager (Male) |
| 17:47 | Build | Farm |
| 17:55 | Build | Farm |
| 17:56 | Build | Farm |
| 17:56 | Build | Farm |
| 17:56 | Build | Farm |
| 17:56 | Build | Farm |
| 17:57 | Create | Villager (Male) |
| 18:07 | Create | Villager (Male) |
| 18:24 | Create | Villager (Male) |
| 18:27 | Create | Monk |
| 18:39 | Create | Villager (Male) |
| 18:48 | Research | Bow Saw |
| 18:48 | Research | Bow Saw |
| 19:03 | Create | Villager (Male) |
| 19:03 | Create | Villager (Male) |
| 19:07 | Build | House |
| 19:08 | Build | House |
| 19:13 | Research | Husbandry |
| 19:13 | Research | Husbandry |
| 19:14 | Create | Villager (Male) |
| 19:14 | Create | Villager (Male) |
| 19:15 | Create | Villager (Male) |
| 19:22 | Build | House |
| 19:23 | Build | House |
| 19:29 | Build | Farm |
| 19:39 | Create | Villager (Male) |
| 19:52 | Create | Scout Cavalry |
| 19:54 | Build | Farm |
| 19:55 | Create | Villager (Male) |
| 20:08 | Build | Farm |
| 20:10 | Create | Villager (Male) |
| 20:14 | Build | Town Center |
| 20:15 | Create | Villager (Male) |
| 20:25 | Create | Villager (Male) |
| 20:34 | Create | Scout Cavalry |
| 20:36 | Build | Farm |
| 20:41 | Create | Villager (Male) |
| 20:42 | Create | Villager (Male) |
| 20:55 | Create | Villager (Male) |
| 20:59 | Build | House |
| 21:03 | Create | Villager (Male) |
| 21:19 | Build | Farm |
| 21:22 | Research | Horse Collar |
| 21:24 | Create | Villager (Male) |
| 21:29 | Create | Villager (Male) |
| 21:33 | Create | Villager (Male) |
| 21:36 | Create | Scout Cavalry |
| 21:41 | Build | House |
| 21:45 | Create | Villager (Male) |
| 21:51 | Create | Villager (Male) |
| 21:54 | Build | Farm |
| 21:58 | Create | Villager (Male) |
| 22:18 | Build | Mining Camp |
| 22:19 | Build | Outpost |
| 22:21 | Research | Town Watch |
| 22:21 | Research | Town Watch |
| 22:22 | Create | Villager (Male) |
| 22:22 | Create | Villager (Male) |
| 22:37 | Create | Villager (Male) |
| 22:43 | Create | Villager (Male) |
| 22:44 | Build | Farm |
| 22:55 | Build | House |
| 22:55 | Build | Outpost |
| 22:56 | Build | Outpost |
| 23:02 | Research | Wheelbarrow |
| 23:03 | Research | Wheelbarrow |
| 23:03 | Create | Villager (Male) |
| 23:16 | Build | Farm |
| 23:17 | Create | Monk |
| 23:28 | Build | Farm |
Match timeline
| 6:43 | VIT | Hera · first_building Barracks |
| 8:24 | BoyWonder_ · first_building Barracks |
| 8:26 | VIT | Hera · age_up feudal |
| 8:28 | VIT | Hera · first_building Stable |
| 8:38 | BoyWonder_ · wall_segment Palisade Wall x1 |
| 8:43 | BoyWonder_ · wall_segment Palisade Wall x1 |
| 8:45 | BoyWonder_ · wall_segment Palisade Wall x1 |
| 9:05 | BoyWonder_ · wall_segment Palisade Wall x1 |
| 10:30 | BoyWonder_ · age_up feudal |
| 10:52 | BoyWonder_ · first_building Stable |
| 14:34 | BoyWonder_ · age_up castle |
| 14:50 | VIT | Hera · wall_segment Palisade Wall x5 |
| 15:08 | BoyWonder_ · first_building Monastery |
| 15:19 | VIT | Hera · wall_segment Palisade Wall x8 |
| 17:51 | VIT | Hera · age_up castle |
| 17:57 | VIT | Hera · first_building Monastery |
| 24:52 | VIT | Hera · first_market_buy 100 stone |
| 27:13 | BoyWonder_ · wall_segment Stone Wall x7 |
| 27:15 | BoyWonder_ · wall_segment Stone Wall x2 |
| 27:15 | BoyWonder_ · wall_segment Stone Wall x1 |
| 27:15 | BoyWonder_ · wall_segment Stone Wall x1 |
| 27:18 | BoyWonder_ · wall_segment Stone Wall x4 |
| 28:25 | BoyWonder_ · first_building Archery Range |
| 29:36 | BoyWonder_ · wall_segment Stone Wall x1 |
| 30:08 | BoyWonder_ · first_building Castle |
| 30:48 | BoyWonder_ · wall_segment Palisade Wall x1 |
| 30:49 | BoyWonder_ · wall_segment Palisade Wall x1 |
| 31:03 | VIT | Hera · first_building Castle |
| 31:27 | BoyWonder_ · age_up imperial |
| 31:50 | VIT | Hera · age_up imperial |
| 31:58 | VIT | Hera · first_building Siege Workshop |
| 32:30 | BoyWonder_ · first_building Siege Workshop |
| 33:37 | VIT | Hera · first_market_sell 100 food |
| 34:46 | VIT | Hera · first_building Archery Range |
| 38:03 | BoyWonder_ · resign |
[ AI ANALYSIS · 1 CREDIT ]
What really happened in this match?
Wolo.gg analyzes every decision: build order, eco, micro, common mistakes by bracket. Personalized analysis on WhatsApp or Discord in 30 seconds.
Civ guide
Persians
Perfil
Jugador #199325